 Dungeon Crawl Stone Soup version 0.20.0-10-g0535bb4 (webtiles) character file.

590 Gorglomux the Cleaver (level 7, -3/67 HPs)
             Began as a Hill Orc Monk on June 4, 2017.
             Was a Believer of Beogh.
             Killed from afar by Dowan (18 damage)
             ... with a shard of ice
             ... on level 4 of the Dungeon.
             The game lasted 00:03:00 (2992 turns).

Gorglomux the Cleaver (Hill Orc Monk)               Turns: 2992, Time: 00:03:01

Health: -3/67      AC:  8    Str: 16    XL:     7   Next: 38%
Magic:  7/7        EV: 10    Int: 10    God:    Beogh [**....]
Gold:   157        SH:  0    Dex: 13    Spells: 6/6 levels left

rFire    . . .     SeeInvis .   F - +0 hand axe (freeze)
rCold    . . .     Gourm    .   (no shield)
rNeg     . . .     Faith    .   p - +2 scale mail {MR+}
rPois    .         Spirit   .   (no helmet)
rElec    .         Reflect  .   (no cloak)
rCorr    .         Harm     .   (no gloves)
MR       +....                  (no boots)
Stlth    ..........             (no amulet)
Regen    0.3/turn               (no ring)
MPRegen  0.1/turn               (no ring)

@: drained
A: no striking features
a: Smiting, Renounce Religion


You were on level 4 of the Dungeon.
You worshipped Beogh.
Beogh was pleased with you.
You were not hungry.

You visited 1 branch of the dungeon, and saw 4 of its levels.

You collected 157 gold pieces.

Inventory:

Hand Weapons
 a - a +0 hand axe
 g - a +3 hand axe
 F - a +0 hand axe of freezing (weapon)
Armour
 b - a +0 robe
 p - a +2 scale mail of magic resistance (worn)
Wands
 E - a wand of enslavement (5/24)
Scrolls
 k - a scroll of amnesia {unknown}
 l - a scroll of magic mapping {unknown}
 m - a scroll of enchant armour {unknown}
 o - a scroll of immolation {unknown}
 s - 2 scrolls of teleportation {unknown}
 G - 3 scrolls of identify {unknown}
 I - a scroll of fog {unknown}
Potions
 e - a potion of flight {unknown}
 f - a potion of lignification {unknown}
 j - a potion of invisibility {unknown}
 n - a potion of haste {unknown}
 q - a potion of mutation {unknown}
 r - a potion of brilliance {unknown}
Comestibles
 c - 3 bread rations
 i - 7 fruits
 H - 2 chunks of flesh


   Skills:
 + Level 7.6(6.8) Fighting
 + Level 8.0(7.2) Axes
 - Level 2.4(1.7) Dodging
 - Level 1.5(0.9) Stealth


You had 6 spell levels left.
You didn't know any spells.

Dungeon Overview and Level Annotations

Branches:
Dungeon (4/15)
 Temple: D:4-7

Altars:
Dithmenos
Elyvilon
Ru

Annotations:
D:4 Dowan


Message History

Dowan seems to find hidden reserves of power!
Your base Axes skill increases to level 8!
Dowan points at you and mumbles some strange words.
The stone arrow hits you!
* * * LOW HITPOINT WARNING * * *
Dowan hits you but does no damage.
You feel drained. Dowan gestures at you while chanting.
The shard of ice hits you!
* * * LOW HITPOINT WARNING * * *
There is an open door, spattered with blood here.
Things that are here:
a short sword; a ring mail; the elf corpse of Duvessa You slash Dowan!
You freeze Dowan.
Dowan is almost dead.
Dowan casts a spell.
Dowan blinks!
Unknown command.
Dowan casts a spell at you. The shard of ice hits you!
You die...

.. #.. . #.# #. #.# #
#.## #.# #.##... #.#
#.###### ....... #.#
#.......
.....>.#####.###########.
......§)@................
......†#####.######......
.....e.+.................
.......###.#.#####.......
.............#...#.......
........##...#.#.#.......
........##...#.#.#.#'####
#.##.........#.#.#.#.#
...##........#...#.#


You could see Dowan.

Vanquished Creatures
  Menkaure (D:4)
  Duvessa (D:4)
  A bullfrog (D:4)
  A howler monkey (D:4)
  A centaur zombie (D:4)
  2 orc priests (D:3)
  2 worker ants (D:4)
  4 adders
  An ooze (D:1)
  2 worms (D:3)
  4 dart slugs (D:2)
  4 leopard geckos
  7 orcs (D:3)
  5 bats
  6 giant cockroaches
  5 goblins
  5 hobgoblins
  3 jackals (D:2)
  A quokka (D:3)
  11 frilled lizards
  2 kobolds (D:1)
  9 rats
78 creatures vanquished.

Vanquished Creatures (others)
  An orc wizard (D:3)
  An orc priest (D:3)
  2 adders (D:3)
  A hobgoblin (D:3)
  A frilled lizard (D:3)
  A kobold (D:3)
  A rat (D:3)
8 creatures vanquished.

Grand Total: 86 creatures vanquished

Notes
Turn   | Place    | Note
-------+----------+-------------------------------------------
     0 | D:1      | Gorglomux the Hill Orc Monk began the quest for the Orb.
     0 | D:1      | Reached XP level 1. HP: 19/19 MP: 1/1
    57 | D:1      | Reached XP level 2. HP: 19/27 MP: 2/2
   562 | D:1      | Reached XP level 3. HP: 31/33 MP: 3/3
   976 | D:2      | Reached skill level 5 in Axes
  1054 | D:2      | Found a shadowy altar of Dithmenos.
  1287 | D:2      | Reached XP level 4. HP: 28/41 MP: 4/4
  1593 | D:3      | Became a worshipper of Beogh the Brigand
  1593 | D:3      | Reached * piety under Beogh
  1593 | D:3      | Reached ** piety under Beogh
  1692 | D:3      | Reached XP level 5. HP: 28/48 MP: 5/5
  1696 | D:3      | Reached skill level 6 in Axes
  1861 | D:3      | Found a white marble altar of Elyvilon.
  2223 | D:3      | Found a sacrificial altar of Ru.
  2480 | D:4      | Noticed Menkaure
  2491 | D:4      | Killed Menkaure
  2491 | D:4      | Reached skill level 6 in Fighting
  2491 | D:4      | Reached XP level 6. HP: 23/58 MP: 6/6
  2637 | D:4      | Reached skill level 7 in Axes
  2861 | D:4      | Reached XP level 7. HP: 66/66 MP: 7/7
  2961 | D:4      | Noticed Duvessa
  2961 | D:4      | Noticed Dowan
  2989 | D:4      | Killed Duvessa
  2989 | D:4      | Reached skill level 8 in Axes
  2992 | D:4      | Killed from afar by Dowan

Skill      XL: |  1  2  3  4  5  6  7 |
---------------+----------------------+-----
Fighting       | 4 5 6 7 |  7.6
Axes           | 5 6 7 8 |  8.0
Dodging        | |  2.4
Stealth        | |  1.5

Action                   |  1- 3 |  4- 6 |  7- 9 || total
-------------------------+-------+-------+-------++-------
Melee: Hand axe          |    88 |   123 |    32 ||   243
Invok: Convert to Beogh  |       |     1 |       ||     1
 Stab: Sleeping          |     5 |       |       ||     5
  Eat: Chunk             |     1 |     5 |     1 ||     7
Armor: Robe              |    14 |     1 |       ||    15
       Scale mail        |       |    51 |    18 ||    69
Dodge: Dodged            |    51 |    68 |    11 ||   130
